 Dungeon Crawl Stone Soup version 0.17-a0-1011-gfa70bdd (webtiles) character file.

212 Fluffy the Chopper (level 5, -4/47 HPs)
             Began as a Hill Orc Gladiator on May 13, 2015.
             Killed by divine providence
             ... invoked by an orc priest
              (16 damage)
             ... on level 4 of the Dungeon.
             The game lasted 00:05:37 (2247 turns).

Fluffy the Chopper (Hill Orc Gladiator)             Turns: 2247, Time: 00:05:37

Health: -4/47      AC: 12    Str: 18    XL:     5   Next: 90%
Magic:  5/5        EV:  8    Int:  8    God:
Gold:   172        SH:  0    Dex: 12    Spells: 0 memorised, 4 levels left

rFire  . . .     SeeInvis .     a - +0 war axe
rCold  . . .     Clarity  .     t - +0 chain mail
rNeg   . . .     SustAb   .     (no shield)
rPois  .         Gourm    .     v - +2 helmet
rElec  .         Spirit   .     (no cloak)
rCorr  +         Warding  .     (no gloves)
rMut   .         Stasis   .     (no boots)
MR     .....                    c - amulet of resist corrosion
Stlth  ..........               (no ring)
                                (no ring)

@: not resistant to hostile enchantments, extremely unstealthy
A: no striking features
a: Convert to Beogh


You were on level 4 of the Dungeon.
You were not hungry.

You visited 1 branch of the dungeon, and saw 4 of its levels.

You collected 172 gold pieces.

Inventory:

Hand weapons
 a - a +0 war axe (weapon)
Missiles
 d - 3 throwing nets (quivered)
Armour
 t - a +0 chain mail (worn)
 v - a +2 helmet (worn)
Jewellery
 c - an amulet of resist corrosion (around neck)
 l - an uncursed amulet of faith
Magical devices
 i - a wand of teleportation (5)
 u - a wand of frost (4)
Scrolls
 f - 6 scrolls of identify {unknown}
 j - a scroll of immolation {unknown}
 r - a scroll of teleportation {unknown}
 s - a scroll of remove curse {unknown}
Potions
 b - a potion of invisibility {unknown}
 g - a potion of degeneration {unknown}
 h - 2 potions of flight {unknown}
 k - 2 potions of might {unknown}
 n - a potion of curing {unknown}
 p - a potion of magic {unknown}
 q - a potion of resistance {unknown}
Comestibles
 e - 4 bread rations
 m - a slice of pizza
 o - 2 meat rations
 w - 2 chunks of flesh


   Skills:
 + Level 4.4 Fighting
 + Level 5.7 Axes
 - Level 2.0 Throwing
 + Level 3.4 Armour
 - Level 2.4 Dodging


You had 4 spell levels left.
You didn't know any spells.

Dungeon Overview and Level Annotations

Branches:
Dungeon (4/15)
 Temple: D:4-7

Altars:


Message History

You kill the orc!
The orc hits you but does no damage.
Your chain mail prevents you from hitting the orc.
The orc priest calls down the wrath of Beogh upon you.
Something smites you! The orc hits you but does no damage.
You hit the orc but do no damage.
The orc priest mumbles some strange prayers to Beogh against you.
Something smites you!
* * * LOW HITPOINT WARNING * * *
The orc hits you but does no damage.
You hit the orc but do no damage. The orc closely misses you.
You closely miss the orc.
The orc priest's eyes start to glow.
The orc hits you but does no damage.
You closely miss the orc. The orc hits you but does no damage.
Drink which item? (? for menu, Esc to quit)
Okay, then.
The orc priest calls down the wrath of Beogh upon you.
Something smites you!
You die...

#.##.###.#
#.##.###.##
#..o.......
#.#......#
###o...##..##.
+............
###o.......#
#.#..##.#
#.@.....###.
###.........
#+# #)########
#.# #.# #.# #.#
##.## #.#
##<..########.#
#.............#
##.).....######


You could see an orc priest and 2 orcs.

Vanquished Creatures
  A hound (D:4)
  An orc wizard (D:3)
  Robin (D:3)
  5 adders
  An ooze (D:3)
  4 worms
  5 orcs
  13 bats
  A bat skeleton (D:3)
  5 giant cockroaches
  7 hobgoblins
  10 kobolds
  A ball python (D:2)
  5 giant newts
  19 goblins
  4 jackals (D:1)
  A quokka (D:3)
  6 rats
90 creatures vanquished.

Vanquished Creatures (others)
  A goblin (D:3)
1 creature vanquished.

Grand Total: 91 creatures vanquished

Notes
Turn   | Place    | Note
--------------------------------------------------------------
     0 | D:1      | Fluffy the Hill Orc Gladiator began the quest for the Orb.
     0 | D:1      | Reached XP level 1. HP: 18/18 MP: 1/1
    27 | D:1      | Reached XP level 2. HP: 13/25 MP: 2/2
   152 | D:1      | Reached skill level 1 in Armour
   393 | D:1      | Reached XP level 3. HP: 31/31 MP: 3/3
  1294 | D:2      | Reached XP level 4. HP: 22/38 MP: 4/4
  1429 | D:3      | Reached skill level 5 in Axes
  1451 | D:3      | Noticed Robin
  1466 | D:3      | Killed Robin
  1519 | D:3      | Reached XP level 5. HP: 21/46 MP: 5/5
  2247 | D:4      | Killed from afar by an orc priest

Vault maps used:
D:1:      enne_arrival_octagon_isle
D:2:      kennysheep_the_goblin_king, kennysheep_generic_room_9
D:3:      first_bread, uniq_robin
D:4:      minmay_temple_entry_statues_pillars, tgw_trog

Action                   |  1- 3 |  4- 6 || total
-------------------------+-------+-------++-------
Melee: War axe           |   128 |   128 ||   256
  Eat: Chunk             |     1 |     4 ||     5
